Map: Vigía EE

Players

LimYoHwan

  • Race: Terran Terran
  • League: Diamond
  • Spawn Location: 5:00

shifT

  • Race: Protoss Protoss
  • Spawn Location: 5:00

Spoogymonkey

  • Race: Protoss Protoss
  • Spawn Location: 6:00

MrFercho - Winner!

  • Race: Zerg Zerg
  • League: Gold
  • Spawn Location: 12:00

TATORREA - Winner!

  • Race: Protoss Protoss
  • League: Gold
  • Spawn Location: 9:00

tigro - Winner!

  • Race: Terran Terran
  • League: Bronze
  • Spawn Location: 9:00

VOD

Have the link to the VOD?

Description

Time

  • Played on: Aug. 9, 2020, 8:01 p.m.
  • Length: 1:52
Show
View Real Time Build Order
Export as new Build Order

LimYoHwan Terran 

Build Orders:  

Get SALT Encoding   

Show
View Real Time Build Order
Export as new Build Order

shifT Protoss 

Build Orders:  

Get SALT Encoding   

  12  0:00  Probe (Chrono Boost)  
  13  0:10  Probe (Chrono Boost)  
  14  0:15  Probe (Chrono Boost)  
  15  0:23  Pylon  
  15  0:41  Gateway, Probe  
  16  0:53  Probe  
Show
View Real Time Build Order
Export as new Build Order

Spoogymonkey Protoss 

Build Orders:  

Get SALT Encoding   

  12  0:00  Probe  
  13  0:13  Pylon  
  13  0:21  Probe  
  13  0:26  Assimilator  
  14  0:36  Assimilator  
  14  0:37  Probe  
  15  0:49  Probe  
  16  1:10  Probe  
  16  1:15  Gateway  
  16  1:26  Gateway, Probe  
Show
View Real Time Build Order
Export as new Build Order

MrFercho Zerg - Winner!

Build Orders: Pool Only 

Get SALT Encoding   

  12  0:21  Spawning Pool  
  11  0:23  Drone  
  11  0:28  Drone  
  13  0:37  Overlord  
  13  0:42  Drone  
  14  0:56  Drone  
  15  1:06  Drone  
  15  1:08  Zergling x2  
  17  1:13  Queen  
  19  1:19  Zergling x2  
  20  1:29  Zergling x2  
Show
View Real Time Build Order
Export as new Build Order

TATORREA Protoss - Winner!

Build Orders:  

Get SALT Encoding   

  12  0:05  Probe  
  13  0:17  Probe  
  14  0:25  Pylon  
  14  0:29  Probe  
  15  0:43  Probe  
  16  0:50  Gateway  
  16  0:55  Probe  
  17  1:07  Probe  
  18  1:30  Assimilator  
  18  1:32  Pylon  
  18  1:35  Pylon  
  18  1:38  Assimilator  
Show
View Real Time Build Order
Export as new Build Order

tigro Terran - Winner!

Build Orders:  

Get SALT Encoding   

  12  0:15  SCV  
  12  0:20  Supply Depot  
  13  0:27  SCV  
  14  0:39  SCV  
  15  0:47  Barracks  
  15  0:51  SCV  
  16  0:57  Refinery  
  16  1:03  SCV  
  17  1:27  Refinery  
Tags
 
Add a new tag
Caveats
  • Supply blocks, unpowered buildings, or Contaminate may cause inaccurate times.
  • Supply counts are checked every 10 seconds.